Map: [TLMC21] 10000 Feet

Players

ReBellioN

  • Race: Protoss Protoss
  • Spawn Location: 5:00

SpeCial - Winner!

  • Race: Protoss Protoss
  • League: Grandmaster
  • Spawn Location: 11:00

VOD

Have the link to the VOD?

Description

Time

  • Played on: Oct. 12, 2025, 11:57 a.m.
  • Length: 6:51
Show
View Real Time Build Order
Export as new Build Order

ReBellioN Protoss 

Build Orders: Blink Stalkers 

Get SALT Encoding   

  12  0:00  Probe  
  13  0:12  Probe  
  14  0:17  Pylon  
  14  0:24  Probe  
  15  0:33  Probe  
  15  0:36  Gateway  
  15  0:41  Probe  
  16  0:48  Assimilator  
  17  0:51  Probe  
  18  0:57  Assimilator  
  18  1:05  Probe, Gateway  
  19  1:13  Probe  
  20  1:22  Probe  
  20  1:23  Cybernetics Core  
  21  1:33  Pylon  
  21  1:36  Probe  
  22  1:48  Probe  
  23  1:59  Adept x2  
  27  2:04  Robotics Facility  
  27  2:08  Warp Gate  
  27  2:16  Pylon  
  27  2:27  Stalker  
  27  2:28  Stalker  
  31  2:47  Pylon  
  31  2:49  Immortal  
  35  3:02  Pylon  
  34  3:16  Twilight Council  
  34  3:38  Blink  
  32  3:44  Pylon  
  30  3:50  Pylon  
  28  3:56  Stalker  
  30  4:02  Stalker  
  30  4:18  Gateway  
  30  4:24  Stalker  
  30  4:27  Sentry  
  34  4:36  Nexus  
  34  4:41  Pylon  
  34  4:51  Stalker x2  
  36  5:02  Probe  
  30  5:13  Stalker  
  27  5:35  Pylon  
  25  5:50  Stalker  
  25  5:55  Probe  
  28  6:09  Probe  
  29  6:14  Stalker  
  29  6:17  Probe  
  32  6:38  Stalker  
Show
View Real Time Build Order
Export as new Build Order

SpeCial Protoss - Winner!

Build Orders:  

Get SALT Encoding   

  12  0:00  Probe  
  13  0:12  Probe  
  14  0:17  Pylon  
  14  0:24  Probe  
  15  0:32  Probe  
  15  0:38  Gateway  
  15  0:40  Probe  
  16  0:45  Assimilator  
  17  0:51  Probe  
  17  0:54  Assimilator  
  18  1:03  Probe  
  19  1:06  Gateway  
  19  1:11  Probe  
  20  1:19  Probe  
  21  1:25  Cybernetics Core  
  21  1:30  Pylon  
  21  1:32  Probe  
  22  1:44  Probe  
  23  1:56  Pylon  
  23  1:58  Probe  
  23  1:59  Stalker x2  
  24  2:05  Warp Gate  
  28  2:17  Pylon  
  28  2:21  Stalker  
  28  2:26  Stalker  
  32  2:38  Robotics Facility  
  32  2:44  Stalker  
  32  2:54  Stalker  
  36  3:00  Pylon  
  36  3:19  Warp Prism  
  33  3:42  Gateway  
  33  3:43  Gateway  
  33  3:53  Stalker  
  33  3:54  Stalker  
  29  4:21  Pylon  
  29  4:22  Observer, Sentry x2  
  34  4:42  Stalker  
  34  4:44  Stalker  
  42  4:51  Sentry  
  40  4:59  Zealot  
  42  5:05  Stalker  
  38  5:17  Immortal  
  38  5:33  Stalker x2  
  38  5:34  Zealot x2  
  44  5:56  Immortal  
  44  6:06  Nexus  
  44  6:13  Shield Battery  
  45  6:21  Sentry  
  46  6:37  Probe  
  47  6:45  Stalker x2  
Tags
 
Composition
Blink Stalkers
Matchup
PvP
Player
SpeCial
Spawn Locations
Cross Positions
Add a new tag
Caveats
  • Supply blocks, unpowered buildings, or Contaminate may cause inaccurate times.
  • Supply counts are checked every 10 seconds.